[Event "ICC tourney 1923 (15 5)"]
[Site "Internet Chess Club"]
[Date "2020.07.17"]
[Round "6"]
[White "megahertz13"]
[Black "serenacool"]
[Result "0-1"]
[ICCResult "White checkmated"]
[WhiteElo "1459"]
[BlackElo "1492"]
[Opening "Ruy Lopez: Berlin defense, 4.O-O"]
[ECO "C65"]
[NIC "RL.07"]
[Time "17:03:31"]
[TimeControl "900+5"]

1. e4 e5 2. Nf3 Nc6 3. Bb5 Nf6 4. O-O Ng4 5. h3 h5 6. Bxc6 dxc6 7. d4 exd4
8. Qxd4 Qxd4 9. Nxd4 Ne5 10. f4 Bc5 11. c3 Nd3 12. Nd2 Be6 13. f5 Bd7 14.
Nc4 b5 15. Na5 Bb6 16. Nb3 c5 17. Nf3 c4+ 18. Nbd4 O-O 19. Kh2 c5 20. Ne2
Rfe8 21. Ng3 Bc7 22. Nd2 h4 23. b3 hxg3+ 24. Kg1 cxb3 25. Nxb3 c4 26. Nd4
Bb6 27. Rf3 Rxe4 28. Be3 Rae8 29. Bd2 Rxd4 30. Be3 Rxe3 31. Rff1 Re2 32.
cxd4 Bxd4+ 33. Kh1 Bxa1 34. Rxa1 Bxf5 35. Rf1 Rxa2 36. Rg1 Nf2#
{White checkmated}
0-1

[Event "ICC tourney 1923 (15 5)"]
[Site "Internet Chess Club"]
[Date "2020.07.17"]
[Round "6"]
[White "AJRChess2011"]
[Black "WizardY"]
[Result "1-0"]
[ICCResult "Black checkmated"]
[WhiteElo "1516"]
[BlackElo "1524"]
[Opening "Sicilian: dragon, Yugoslav attack, Rauser variation"]
[ECO "B76"]
[NIC "SI.17"]
[Time "17:03:46"]
[TimeControl "900+5"]

1. e4 c5 2. Nf3 d6 3. d4 cxd4 4. Nxd4 Nf6 5. Nc3 g6 6. Be3 Bg7 7. f3 Nc6 8.
Qd2 O-O 9. O-O-O d5 10. Nxc6 bxc6 11. exd5 cxd5 12. Nxd5 Nxd5 13. Qxd5 Qc7
14. Rd2 Rb8 15. Bd4 Rd8 16. Be5 Rxd5 17. Bxc7 Bh6 18. Bxb8 Rxd2 19. f4 Rf2
20. Bxa7 Bxf4+ 21. Kb1 Rd2 22. Bd3 Rxg2 23. a4 Rxh2 24. Rxh2 Bxh2 25. b4 Bb7
26. a5 g5 27. Be3 g4 28. b5 g3 29. a6 Bf3 30. b6 g2 31. b7 h5 32. Be2 Bc6
33. Bxh5 Bf4 34. Be2 Bh2 35. Bg1 Bg3 36. Bb5 Bf3 37. Bd7 Kg7 38. Bc8 Bb8 39.
a7 Bxa7 40. Bxa7 Bxb7 41. Bxb7 g1=Q+ 42. Bxg1 Kf6 43. c4 Ke5 44. c5 Ke6 45.
c6 Kd6 46. Bh2+ Ke6 47. c7 Kd7 48. c8=Q# {Black checkmated} 1-0

[Event "ICC tourney 1923 (15 5)"]
[Site "Internet Chess Club"]
[Date "2020.07.17"]
[Round "6"]
[White "FlowingMelody"]
[Black "ArsenioB2012"]
[Result "0-1"]
[ICCResult "White checkmated"]
[WhiteElo "1307"]
[BlackElo "1547"]
[Opening "Alekhine's defense"]
[ECO "B03"]
[NIC "AL.09"]
[Time "17:03:31"]
[TimeControl "900+5"]

1. e4 Nf6 2. e5 Nd5 3. d4 d6 4. exd6 exd6 5. Qe2+ Be7 6. Nd2 Nc6 7. Ngf3 Bg4
8. c3 O-O 9. Qd1 Re8 10. Be2 Bf6 11. O-O Nf4 12. Bc4 a6 13. Qb3 d5 14. Qxb7
Na5 15. Qb4 Nxc4 16. Nxc4 dxc4 17. Bxf4 Bxf3 18. gxf3 Bg5 19. Bg3 Bh4 20.
Qxc4 Bxg3 21. fxg3 Rb8 22. b3 Qg5 23. Rae1 Qd2 24. Rxe8+ Rxe8 25. Qxc7 Qxa2
26. Qc6 Kf8 27. Qa4 Qc2 28. Qb4+ Kg8 29. Qc4 g6 30. Rf2 Qc1+ 31. Qf1 Re1 32.
Qxe1 Qxe1+ 33. Rf1 Qxc3 34. d5 Qd4+ 35. Kg2 Qxd5 36. Rc1 Qd2+ 37. Kh3 Qxc1
38. b4 Qc4 39. b5 Qxb5 40. f4 a5 41. Kg4 a4 42. Kh3 a3 43. f5 a2 44. fxg6
hxg6 45. g4 a1=Q 46. Kh4 Qe1+ 47. Kh3 Qd3+ 48. Kg2 Qee2+ 49. Kg1 Qdd1#
{White checkmated}
0-1

[Event "ICC tourney 1923 (15 5)"]
[Site "Internet Chess Club"]
[Date "2020.07.17"]
[Round "6"]
[White "strongcarrot"]
[Black "Yeetamus123"]
[Result "0-1"]
[ICCResult "White checkmated"]
[WhiteElo "1381"]
[BlackElo "1389"]
[Opening "Blackmar gambit"]
[ECO "D00"]
[NIC "QP.08"]
[Time "17:03:48"]
[TimeControl "900+5"]

1. d4 d5 2. e4 dxe4 3. Nc3 Nf6 4. f3 exf3 5. Qxf3 Nc6 6. Be3 Bg4 7. Qg3 e6
8. Be2 Bd6 9. Qh4 Bxe2 10. Ngxe2 Be7 11. Qg3 Nh5 12. Qg4 g6 13. O-O-O f5 14.
Qf3 Qd7 15. d5 Ne5 16. dxe6 Qxd1+ 17. Rxd1 Nxf3 18. gxf3 Bd6 19. Nb5 Bxh2
20. f4 O-O 21. Nxc7 Rac8 22. e7 Rxc7 23. exf8=Q+ Kxf8 24. Rh1 Bg3 25. Rg1
Bh4 26. Bxa7 Bf6 27. Rd1 Rc8 28. Rd7 Re8 29. Kd1 Bxb2 30. Rxh7 Rd8+ 31. Ke1
Bg7 32. Bb6 Re8 33. Kf2 Kg8 34. Rxg7+ Kxg7 35. Bd4+ Kf7 36. c3 Nf6 37. Bxf6
Kxf6 38. Nd4 Rc8 39. Nb5 Rc5 40. a4 g5 41. fxg5+ Kxg5 42. Kf3 Rc4 43. Nd6
Rxc3+ 44. Kf2 Ra3 45. Nxb7 Rxa4 46. Nc5 Ra3 47. Ne6+ Kg4 48. Nd4 f4 49. Ne2
Ra2 50. Kf1 f3 51. Nc3 Rc2 52. Ne2 Rxe2 53. Kg1 Kg3 54. Kf1 Ra2 55. Ke1 f2+
56. Kf1 Ra1+ 57. Ke2 f1=Q+ 58. Kd2 Rd1+ 59. Kc3 Qd3+ 60. Kb4 Rb1+ 61. Kc5
Qc3+ 62. Kd5 Rd1+ 63. Ke4 Qc4+ 64. Ke3 Qe6# {White checkmated} 0-1

[Event "ICC tourney 1923 (15 5)"]
[Site "Internet Chess Club"]
[Date "2020.07.17"]
[Round "6"]
[White "oxdidi"]
[Black "arjunk2011"]
[Result "0-1"]
[ICCResult "White forfeits on time"]
[WhiteElo "1242"]
[BlackElo "1213"]
[Opening "Sicilian"]
[ECO "B50"]
[NIC "SI.01"]
[Time "17:03:45"]
[TimeControl "900+5"]

1. e4 c5 2. Nf3 d6 3. Bc4 a6 4. O-O Nf6 5. Re1 e6 6. Nc3 Be7 7. d3 O-O 8.
Bg5 Nbd7 9. Qd2 b5 10. Bb3 Bb7 11. a3 h6 12. Bh4 Nxe4 13. dxe4 Bxh4 14. Qxd6
Be7 15. Qd2 c4 16. Ba2 Nc5 17. Qe3 Rc8 18. Rad1 Qc7 19. b4 Nd7 20. Nd2 Bg5
21. Qf3 Qf4 22. Qxf4 Bxf4 23. Nf3 Rcd8 24. g3 Bc7 25. Nd2 Nf6 26. e5 Ng4 27.
Nf3 Bxf3 28. Rxd8 Rxd8 29. h3 Nxe5 30. g4 Bxg4 31. hxg4 Nf3+ 32. Kf1 Nxe1
33. Kxe1 Be5 34. Ne4 Rd4 35. Nc5 Rxg4 36. Nd7 Bb2 37. Nc5 Bxa3 38. Nxa6 Rg5
{White forfeits on time}
0-1

[Event "ICC tourney 1923 (15 5)"]
[Site "Internet Chess Club"]
[Date "2020.07.17"]
[Round "6"]
[White "Cougar2020"]
[Black "royayush"]
[Result "1-0"]
[ICCResult "Black resigns"]
[WhiteElo "1415"]
[BlackElo "1339"]
[Opening "Sicilian"]
[ECO "B56"]
[NIC "SI.25"]
[Time "17:03:27"]
[TimeControl "900+5"]

1. e4 c5 2. Nf3 d6 3. d4 cxd4 4. Nxd4 Nc6 5. Nc3 Nf6 6. Be3 e6 7. f3 Be7 8.
Qd2 Bd7 9. Bc4 Qc7 10. O-O-O Rc8 11. Ndb5 Qb8 12. Nxd6+ Bxd6 13. Qxd6 Qxd6
14. Rxd6 O-O 15. g4 Be8 16. h4 Ne5 17. Be2 Nc6 18. h5 a6 19. h6 g6 20. f4
Nd7 21. Bc4 Nce5 22. Bxe6 fxe6 23. fxe5 Nxe5 24. Rxe6 Nxg4 25. Bd4 Rc4 26.
Bg7 Bf7 27. Rf1 Rcc8 28. Re7 b6 29. Bxf8 Rxf8 30. Ra7 Nxh6 31. Rxa6 Rb8 32.
Nd5 Bxd5 33. exd5 Nf5 34. Rf3 Kf7 35. c4 b5 36. cxb5 Rb6 37. Rxb6
{Black resigns}
1-0

[Event "ICC tourney 1923 (15 5)"]
[Site "Internet Chess Club"]
[Date "2020.07.17"]
[Round "6"]
[White "wulovechess"]
[Black "agrimjax1"]
[Result "1-0"]
[ICCResult "Black checkmated"]
[WhiteElo "1575"]
[BlackElo "1455"]
[Opening "Two knights defense"]
[ECO "C56"]
[NIC "KP.02"]
[Time "17:04:20"]
[TimeControl "900+5"]

1. e4 e5 2. Nf3 Nc6 3. Bc4 Nf6 4. d4 exd4 5. O-O Nxe4 6. Re1 d5 7. Bxd5 Qxd5
8. Nc3 Qd8 9. Nxe4 Be7 10. Bf4 O-O 11. a3 Bg4 12. Qd3 Qd7 13. Rad1 Rad8 14.
b4 a5 15. b5 Na7 16. Ne5 Qf5 17. Nxg4 Qxf4 18. f3 f5 19. Qb3+ Kh8 20. g3 a4
21. Qe6 Qxf3 22. Ne5 Qxa3 23. Ra1 Qb4 24. Reb1 fxe4 25. Rxb4 Bxb4 26. Rxa4
Bc5 27. Nf7+ Rxf7 28. Qxf7 d3+ 29. Kg2 d2 30. Rxe4 h6 31. Re8+ Rxe8 32.
Qxe8+ Kh7 33. Qe2 Nxb5 34. Qxd2 Nd6 35. Qd3+ g6 36. Qd5 b6 37. Qc6 Kg7 38.
Qxc7+ Kf6 39. Qd8+ Kg7 40. h4 h5 41. Qe7+ Kh6 42. Qf6 Kh7 43. Kf3 Nf5 44. g4
hxg4+ 45. Kxg4 Ng7 46. Qf7 Kh6 47. Qg8 g5 48. h5 Nxh5 49. Qxg5+ Kh7 50.
Qxh5+ Kg7 51. Kf5 Kf8 52. Ke6 Kg7 53. Qg5+ Kh7 54. Kf7 Bf8 55. Qg6+ Kh8 56.
Qg8# {Black checkmated} 1-0

[Event "ICC tourney 1923 (15 5)"]
[Site "Internet Chess Club"]
[Date "2020.07.17"]
[Round "6"]
[White "chessisfunsp"]
[Black "ZSChess09"]
[Result "1/2-1/2"]
[ICCResult "Game drawn because neither player has mating material"]
[WhiteElo "1677"]
[BlackElo "1639"]
[Opening "Scandinavian defense"]
[ECO "B01"]
[NIC "SD.03"]
[Time "17:03:40"]
[TimeControl "900+5"]

1. e4 d5 2. exd5 Nf6 3. Nc3 Nxd5 4. Bc4 Nb6 5. Bb3 Nc6 6. Nf3 Bf5 7. O-O e6
8. d4 Be7 9. Bf4 O-O 10. Re1 Na5 11. Ne4 h6 12. h3 Nxb3 13. axb3 Nd5 14. Bd2
Nf6 15. Nxf6+ Bxf6 16. c3 a5 17. Bf4 c6 18. Ne5 Bxe5 19. Bxe5 Re8 20. Bf4
Rc8 21. Qf3 Bg6 22. Qg4 Qd5 23. Ra3 b6 24. Re5 Qd7 25. Qg3 Kh8 26. h4 Qe7
27. h5 Bf5 28. Re2 Red8 29. Bxh6 gxh6 30. Qe5+ Kg8 31. Qxf5 exf5 32. Rxe7 c5
33. dxc5 Rxc5 34. f4 Rd2 35. b4 Rc4 36. bxa5 bxa5 37. Rxa5 Rxf4 38. Ra8+ Kg7
39. Ree8 Rxb2 40. Rg8+ Kf6 41. Ra6+ Ke5 42. Rxh6 Rh4 43. Rh7 Rc2 44. Rxf7
Rxh5 45. Rc7 Kd5 46. Rgg7 Kd6 47. Rc8 Ke5 48. Rg3 f4 49. Rgg8 Rh4 50. Rc5+
Kf6 51. Rc7 Kf5 52. Rc4 Ke6 53. Rc6+ Kd5 54. Rc7 Kd6 55. Rgg7 Rh5 56. Rc4
Rf5 57. Rg6+ Kd5 58. Rd4+ Ke5 59. Rb4 Rc1+ 60. Kf2 Rc2+ 61. Ke1 Rf8 62. Rg5+
Kf6 63. Rxf4+ Kxg5 64. Rxf8 Rxc3 65. Kf2 Rc2+ 66. Kg3 Rc3+ 67. Kh2 Ra3 68.
Rg8+ Kf6 69. Rb8 Kf5 70. Rb1 Kg4 71. Rb4+ Kg5 72. Rb2 Kg4 73. Rb1 Kf5 74.
Rb5+ Kg4 75. Rb7 Kg5 76. Rg7+ Kf5 77. Rc7 Kg4 78. Rc1 Ra6 79. Rc4+ Kh5 80.
Kg3 Ra3+ 81. Kf4 Kh4 82. Rc6 Ra4+ 83. Kf3 Ra3+ 84. Kf2 Ra4 85. g3+ Kg5 86.
Kg2 Ra2+ 87. Kh3 Ra4 88. Rc7 Kf6 89. Rc1 Kg5 90. Rc5+ Kg6 91. Rc8 Kh6 92.
Rd8 Kg5 93. Rb8 Kg6 94. Rb6+ Kg5 95. Rb5+ Kg6 96. Rb8 Kg5 97. Re8 Kg6 98.
Re6+ Kg5 99. Re5+ Kf6 100. Rd5 Kg6 101. Rd6+ Kg5 102. Rc6 Kh5 103. Rc2 Kg6
104. Rb2 Rc4 105. Rb6+ Kg5 106. Ra6 Rb4 107. Ra7 Rc4 108. Ra8 Kg6 109. Ra6+
Kg5 110. Ra5+ Kg6 111. Ra8 Kg5 112. Re8 Kg6 113. Rd8 Kf7 114. Rd1 Rc6 115.
Rd7+ Kg8 116. Rd4 Kg7 117. Rg4+ Kf7 118. Rb4 Rd6 119. Rb5 Rc6 120. Kg4 Rg6+
121. Kf3 Rc6 122. Rb4 Kg6 123. g4 Rf6+ 124. Ke3 Kg5 125. Re4 Ra6 126. Re5+
Kxg4 127. Rd5 Re6+ 128. Kd3 Kf4 129. Rd4+ Ke5 130. Re4+ Kf5 131. Rb4 Rd6+
132. Kc4 Rh6 133. Rb5+ Kg6 134. Rb6+ Kg7 135. Rb7+ Kg6 136. Kd5 Rh5+ 137.
Ke6 Rh1 138. Rb8 Re1+ 139. Kd6 Rd1+ 140. Ke6 Re1+ 141. Kd6 Rd1+ 142. Ke6
Re1+ 143. Kd6 Rd1+ 144. Ke6 Re1+ 145. Kd6 Rd1+ 146. Ke6 Re1+ 147. Kd6 Rd1+
148. Ke5 Re1+ 149. Kd4 Rd1+ 150. Ke3 Re1+ 151. Kd2 Re6 152. Rd8 Kf5 153. Kd3
Ke5 154. Ke3 Kf5+ 155. Kf3 Rf6 156. Rd5+ Ke6+ 157. Ke4 Rf4+ 158. Kxf4 Kxd5
{Game drawn because neither player has mating material}
1/2-1/2

[Event "ICC tourney 1923 (15 5)"]
[Site "Internet Chess Club"]
[Date "2020.07.17"]
[Round "7"]
[White "askuo"]
[Black "gusfalconjr"]
[Result "1-0"]
[ICCResult "Black resigns"]
[WhiteElo "1066"]
[BlackElo "1095"]
[Opening "Sicilian: Smith-Morra gambit"]
[ECO "B21"]
[NIC "SI.48"]
[Time "18:03:30"]
[TimeControl "900+5"]

1. e4 c5 2. d4 cxd4 3. c3 dxc3 4. Nxc3 Nc6 5. Bc4 d6 6. Nf3 g6 7. O-O Bg7 8.
Re1 Nf6 9. e5 Nh5 10. exd6 Qxd6 11. Qxd6 {Black resigns} 1-0

[Event "ICC tourney 1923 (15 5)"]
[Site "Internet Chess Club"]
[Date "2020.07.17"]
[Round "7"]
[White "ChessMonkey123"]
[Black "Rayhan2020"]
[Result "1-0"]
[ICCResult "Black checkmated"]
[WhiteElo "1378"]
[BlackElo "1292"]
[Opening "King's pawn game"]
[ECO "C50"]
[NIC "IG.03"]
[Time "18:04:20"]
[TimeControl "900+5"]

1. e4 e5 2. Nf3 Nc6 3. Bc4 h6 4. d4 d6 5. dxe5 dxe5 6. Qxd8+ Nxd8 7. Nxe5
Be6 8. Bxe6 Nxe6 9. Kf1 Nf6 10. f3 Bd6 11. Nc4 Nd4 12. Nba3 a6 13. e5 b5 14.
Nxd6+ cxd6 15. exf6 gxf6 16. Be3 Nf5 17. Bf4 b4 18. Re1+ Kd8 19. Nc4 Kd7 20.
Nb6+ Kc7 21. Nxa8+ Rxa8 22. Kf2 a5 23. g4 Nd4 24. Re7+ Kc6 25. b3 Nxc2 26.
Rc1 Kb6 27. Rxc2 a4 28. Bxd6 axb3 29. axb3 Ra3 30. Rec7 Rxb3 31. R7c6+ Kb5
32. R2c5+ Ka4 33. Ra6# {Black checkmated} 1-0

[Event "ICC tourney 1923 (15 5)"]
[Site "Internet Chess Club"]
[Date "2020.07.17"]
[Round "7"]
[White "RhysieB"]
[Black "IGMin2023"]
[Result "1-0"]
[ICCResult "Black checkmated"]
[WhiteElo "1342"]
[BlackElo "1259"]
[Opening "Scotch gambit: Dubois-Réti defense"]
[ECO "C55"]
[NIC "KP.02"]
[Time "18:04:20"]
[TimeControl "900+5"]

1. e4 e5 2. Nf3 Nc6 3. d4 exd4 4. Bc4 Nf6 5. e5 d5 6. Bb5 Ne4 7. Nxd4 Bc5 8.
O-O Bd7 9. Nd2 Nxd2 10. Nxc6 bxc6 11. Qxd2 cxb5 12. Qxd5 Bb6 13. Bg5 Qc8 14.
Rad1 Be6 15. Qc6+ Bd7 16. Rxd7 Qxd7 17. Qxa8+ Qd8 18. Qxd8# {Black
checkmated} 1-0

[Event "ICC tourney 1923 (15 5)"]
[Site "Internet Chess Club"]
[Date "2020.07.17"]
[Round "7"]
[White "ZSChess09"]
[Black "thanhcaptures"]
[Result "1-0"]
[ICCResult "Black checkmated"]
[WhiteElo "1654"]
[BlackElo "1401"]
[Opening "Scotch: Schmidt variation"]
[ECO "C45"]
[NIC "SO.04"]
[Time "18:04:20"]
[TimeControl "900+5"]

1. e4 e5 2. Nf3 Nc6 3. d4 exd4 4. Nxd4 Nf6 5. Nxc6 bxc6 6. Bd3 Bc5 7. e5 Nd5
8. Qg4 O-O 9. Bh6 g6 10. Bxf8 Qxf8 11. Nc3 Nb4 12. Ne4 Nxd3+ 13. cxd3 Bb4+
14. Nc3 d5 15. Qf4 c5 16. O-O Bf5 17. Nxd5 Ba5 18. Qh4 Bxd3 19. Nf6+ Kg7 20.
Qxh7# {Black checkmated} 1-0

[Event "ICC tourney 1923 (15 5)"]
[Site "Internet Chess Club"]
[Date "2020.07.17"]
[Round "7"]
[White "aang07"]
[Black "aidaamin"]
[Result "1/2-1/2"]
[ICCResult "Game drawn by mutual agreement"]
[WhiteElo "1301"]
[BlackElo "1309"]
[Opening "Queen's pawn game"]
[ECO "D04"]
[NIC "QP.08"]
[Time "18:03:46"]
[TimeControl "900+5"]

1. d4 d5 2. e3 Nf6 3. Nf3 Bf5 4. Nbd2 e6 5. Be2 Bd6 6. O-O O-O 7. b3 Nc6 8.
Bb2 Ne4 9. Ne5 Qg5 10. Ndf3 Qh6 11. h3 Ng5 12. c4 Nxf3+ 13. Nxf3 Qg6 14.
cxd5 Bxh3 15. Nh4 Qg5 16. g3 Bxf1 17. Bxf1 exd5 18. Bg2 Rad8 19. Nf3 Qh5 20.
Nh4 Qxd1+ 21. Rxd1 Bb4 {Game drawn by mutual agreement} 1/2-1/2

[Event "ICC tourney 1923 (15 5)"]
[Site "Internet Chess Club"]
[Date "2020.07.17"]
[Round "7"]
[White "auggie29"]
[Black "JerryZhu"]
[Result "1-0"]
[ICCResult "Black resigns"]
[WhiteElo "1313"]
[BlackElo "1296"]
[Opening "King's Indian: London system"]
[ECO "A45"]
[NIC "QP.03"]
[Time "18:04:05"]
[TimeControl "900+5"]

1. d4 Nf6 2. Bf4 g6 3. Nf3 Bg7 4. e3 d6 5. Bd3 O-O 6. O-O Re8 7. Nc3 Nbd7 8.
Bg5 h6 9. Bxf6 Bxf6 10. e4 e5 11. dxe5 Nxe5 12. Nxe5 Bxe5 13. Qf3 h5 14. Qe3
f5 15. f4 Bf6 16. Qg3 Kh7 17. exf5 Bxf5 18. Bxf5 gxf5 19. Rab1 Rg8 20. Qh3
Kh6 21. Qxf5 Qe7 22. Nd5 Qg7 23. Qxf6+ Kh7 24. Qxg7+ Rxg7 25. f5 Rf7 26. f6
Rg8 27. Rf5 Kh6 28. Nf4 Rg5 29. Rxg5 Kxg5 30. Rf1 Rxf6 31. Nh3+ Kg6 32.
Rxf6+ Kxf6 33. Kf2 Kf5 34. Kf3 Ke5 35. Nf4 c5 36. Nxh5 Kd4 37. Nf4 c4 38. h4
c3 39. bxc3+ Kxc3 40. h5 Kxc2 41. h6 b5 42. h7 b4 43. h8=Q Kb1 44. Qb8 a5
45. Qb5 Kxa2 46. Qxa5+ Kb3 47. Nd3 {Black resigns} 1-0

[Event "ICC tourney 1923 (15 5)"]
[Site "Internet Chess Club"]
[Date "2020.07.17"]
[Round "7"]
[White "OwenT"]
[Black "arjun-venkat"]
[Result "0-1"]
[ICCResult "White resigns"]
[WhiteElo "1529"]
[BlackElo "1307"]
[Opening "Giuoco Pianissimo"]
[ECO "C50"]
[NIC "IG.02"]
[Time "18:03:30"]
[TimeControl "900+5"]

1. e4 e5 2. Nf3 Nc6 3. Bc4 Bc5 4. d3 Nf6 5. Bg5 h6 6. Bh4 O-O 7. Nc3 Be7 8.
O-O d6 9. h3 Be6 10. Bxe6 fxe6 11. d4 exd4 12. Nxd4 Nxd4 13. Qxd4 Qd7 14. e5
Nh7 15. Bxe7 Qxe7 16. exd6 Qxd6 17. Qe4 Rab8 18. Rad1 Qe7 19. Rfe1 Rfe8 20.
Qe3 a6 21. Nd5 Qf7 22. Nf4 e5 23. Nd3 Qxa2 24. Rb1 Qe6 25. Qc5 Qd6 26. Rxe5
Rxe5 27. Qxe5 Qxe5 28. Nxe5 Re8 29. Nd3 Nf6 30. Kf1 Ne4 31. f3 Nd2+
{White resigns}
0-1

[Event "ICC tourney 1923 (15 5)"]
[Site "Internet Chess Club"]
[Date "2020.07.17"]
[Round "7"]
[White "JCJ2018"]
[Black "UltimateDL"]
[Result "1-0"]
[ICCResult "Black checkmated"]
[WhiteElo "1671"]
[BlackElo "1246"]
[Opening "Sicilian defense"]
[ECO "B30"]
[NIC "SI.31"]
[Time "18:03:43"]
[TimeControl "900+5"]

1. e4 c5 2. Nf3 Nc6 3. Bc4 g6 4. d3 Bg7 5. Nc3 Nf6 6. O-O O-O 7. h3 d6 8.
Bg5 Qb6 9. Rb1 Bd7 10. Bxf6 Bxf6 11. Nd5 Bg7 12. Nxb6 axb6 13. Nd2 Ne5 14.
Bd5 Bc6 15. Bxc6 bxc6 16. a3 b5 17. Nf3 b4 18. Nxe5 Bxe5 19. axb4 cxb4 20.
d4 Bg7 21. Ra1 c5 22. Rxa8 Rxa8 23. dxc5 dxc5 24. Qd7 Bxb2 25. Qxe7 Bd4 26.
Rd1 Ra2 27. Rxd4 cxd4 28. Qxb4 Rxc2 29. Qxd4 Rc1+ 30. Kh2 Rf1 31. e5 Re1 32.
Qd8+ Kg7 33. Qc7 Kg8 34. Qd8+ Kg7 35. Qf6+ Kg8 36. f4 Re4 37. f5 gxf5 38.
Qxf5 Ra4 39. e6 fxe6 40. Qxe6+ Kg7 41. Qe5+ Kh6 42. Qf6+ Kh5 43. g4+ Rxg4
44. hxg4+ Kxg4 45. Kg1 h5 46. Qg6+ Kh4 47. Kf2 Kh3 48. Qg3# {Black
checkmated} 1-0

[Event "ICC tourney 1923 (15 5)"]
[Site "Internet Chess Club"]
[Date "2020.07.17"]
[Round "7"]
[White "dhroov"]
[Black "strongcarrot"]
[Result "0-1"]
[ICCResult "White checkmated"]
[WhiteElo "1398"]
[BlackElo "1414"]
[Opening "Four knights: Italian variation"]
[ECO "C55"]
[NIC "IG.01"]
[Time "18:03:45"]
[TimeControl "900+5"]

1. e4 e5 2. Nf3 Nc6 3. Bc4 Nf6 4. Nc3 Nxe4 5. Nxe4 d5 6. Bxd5 Qxd5 7. Nc3
Qd8 8. O-O Bd6 9. Re1 O-O 10. d3 Bg4 11. h3 Bh5 12. Ne4 Bg6 13. Ng3 h6 14.
Be3 Re8 15. Qd2 Qd7 16. Bxh6 gxh6 17. Qxh6 Bf8 18. Qh4 Qe7 19. Qg4 Qe6 20.
Qg5 Bg7 21. d4 Qf6 22. dxe5 Qxg5 23. Nxg5 Rxe5 24. Rxe5 Nxe5 25. Re1 Bf6 26.
N5e4 Bxe4 27. Nxe4 Bg7 28. f4 Nc6 29. c3 Kf8 30. Kf2 Re8 31. g4 Ne7 32. f5
Nd5 33. g5 Nf4 34. f6 Nd3+ 35. Kf1 Nxe1 36. fxg7+ Kxg7 37. Kxe1 Rxe4+ 38.
Kf2 Kg6 39. Kg3 Kxg5 40. Kf3 Rh4 41. Kg3 f5 42. b4 f4+ 43. Kg2 f3+ 44. Kxf3
Rxh3+ 45. Ke2 Rxc3 46. Kd2 Ra3 47. Kc2 Rxa2+ 48. Kb3 Rf2 49. Ka4 Kf5 50. b5
Ke5 51. b6 axb6 52. Kb4 Kd4 53. Kb5 Rb2+ 54. Ka4 Kc4 55. Ka3 Rb1 56. Ka2 Rb5
57. Ka3 c6 58. Ka4 Ra5# {White checkmated} 0-1

[Event "ICC tourney 1923 (15 5)"]
[Site "Internet Chess Club"]
[Date "2020.07.17"]
[Round "7"]
[White "stephenwilly"]
[Black "Cougar2020"]
[Result "0-1"]
[ICCResult "White checkmated"]
[WhiteElo "1595"]
[BlackElo "1435"]
[Opening "French: exchange variation"]
[ECO "C01"]
[NIC "FR.01"]
[Time "18:03:33"]
[TimeControl "900+5"]

1. e4 e6 2. d4 d5 3. exd5 exd5 4. c4 c6 5. Nc3 Nf6 6. Nf3 Bf5 7. Bf4 a6 8.
Qb3 Qe7+ 9. Ne5 Qb4 10. c5 Qxd4 11. Qxb7 Be7 12. Bg3 Ne4 13. Rd1 Qxc5 14.
Qxa8 Bd6 15. Qb7 Bxe5 16. Bxe5 Qxf2# {White checkmated} 0-1

[Event "ICC tourney 1923 (15 5)"]
[Site "Internet Chess Club"]
[Date "2020.07.17"]
[Round "7"]
[White "dangdang2000"]
[Black "ChessStar22"]
[Result "0-1"]
[ICCResult "White checkmated"]
[WhiteElo "1364"]
[BlackElo "1388"]
[Opening "Caro-Kann: advance variation"]
[ECO "B12"]
[NIC "CK.04"]
[Time "18:03:44"]
[TimeControl "900+5"]

1. e4 c6 2. d4 d5 3. e5 Bf5 4. Nc3 e6 5. Nf3 c5 6. Bf4 a6 7. Qd2 Nc6 8. Be2
cxd4 9. Nxd4 Nxd4 10. Qxd4 Ne7 11. Bd3 Nc6 12. Qe3 d4 13. Qf3 Bxd3 14. cxd3
dxc3 15. bxc3 Be7 16. O-O Bg5 17. Bxg5 Qxg5 18. d4 O-O 19. Rab1 Qe7 20. Rfe1
Qc7 21. Qh5 Rfc8 22. Re3 Nxd4 23. cxd4 Qc1+ 24. Re1 Qc3 25. Qg4 Rc4 26. Rbd1
Rd8 27. Re3 Rcxd4 28. Ree1 Qxe1+ 29. Rxe1 Rxg4 30. g3 Rgd4 31. Kg2 g6 32.
Rb1 b5 33. Rc1 R4d5 34. Rc6 Rxe5 35. Rxa6 Rb8 36. Ra5 Re2 37. Kf3 Rb2 38.
Ke3 b4 39. Kf3 b3 40. axb3 R2xb3+ 41. Kf4 R8b4+ 42. Ke5 Rb5+ 43. Rxb5 Rxb5+
44. Kf6 Rb2 45. f4 Rxh2 46. g4 Rh4 47. Kg5 Rh1 48. Kf6 h5 49. Kg5 Rg1 50.
Kh4 Rxg4+ 51. Kh3 Rxf4 52. Kh2 h4 53. Kh3 g5 54. Kh2 g4 55. Kg2 h3+ 56. Kg3
Rf3+ 57. Kh2 Rf2+ 58. Kg1 h2+ 59. Kh1 Rf1+ 60. Kxh2 f5 61. Kg2 Ra1 62. Kg3
Ra3+ 63. Kg2 f4 64. Kf2 g3+ 65. Kg2 e5 66. Kf1 e4 67. Kg1 f3 68. Kf1 g2+ 69.
Kf2 Ra2+ 70. Kg1 e3 71. Kh2 f2 72. Kxg2 Kg7 73. Kf1 Ra1+ 74. Ke2 f1=Q+ 75.
Kxe3 Ra4 76. Kd2 Qf3 77. Kc1 Qc3+ 78. Kd1 Rd4+ 79. Ke2 Rd2+ 80. Kf1 Qc1#
{White checkmated}
0-1

[Event "ICC tourney 1923 (15 5)"]
[Site "Internet Chess Club"]
[Date "2020.07.17"]
[Round "7"]
[White "tanish456"]
[Black "nguyencaptures"]
[Result "1-0"]
[ICCResult "Black checkmated"]
[WhiteElo "1531"]
[BlackElo "1255"]
[Opening "Two knights defense, Perreux variation"]
[ECO "C55"]
[NIC "KP.02"]
[Time "18:04:20"]
[TimeControl "900+5"]

1. e4 e5 2. Nf3 Nc6 3. d4 exd4 4. Bc4 Nf6 5. Ng5 d5 6. exd5 Nxd5 7. Nxf7
Kxf7 8. Qf3+ Ke6 9. Qe4+ Ne5 10. Bf4 Qf6 11. Qxd5+ Ke7 12. Qxe5+ Qxe5+ 13.
Bxe5 Bf5 14. O-O Bxc2 15. Bxd4 Rd8 16. Re1+ Kd7 17. Na3 Bxa3 18. bxa3 b6 19.
Rac1 Bg6 20. Bxg7 Rhe8 21. Bb5+ Kc8 22. Bxe8 Rxe8 23. Rxe8+ Bxe8 24. Be5 c6
25. Kf1 Kd7 26. Ke2 Ke6 27. Bg3 Kf5 28. Rc4 c5 29. Rf4+ Kg5 30. h4+ Kg6 31.
Kd3 Kg7 32. Rg4+ Kf7 33. Bb8 a6 34. Ba7 b5 35. Bxc5 Bd7 36. Rf4+ Kg6 37. g4
Kg7 38. Bd4+ Kg8 39. g5 Be8 40. Bc5 Bg6+ 41. Kd4 Kg7 42. Rf6 h6 43. Rxa6
hxg5 44. hxg5 Bb1 45. Ke5 Bxa2 46. f4 Bf7 47. f5 Kg8 48. g6 Be8 49. Ra8 Kg7
50. Rxe8 Kh6 51. g7 Kxg7 52. f6+ Kf7 53. Rf8+ Kg6 54. Ke6 Kh7 55. f7 Kh6 56.
Rg8 Kh5 57. f8=Q Kh4 58. Qf4+ Kh5 59. Qh2# {Black checkmated} 1-0

[Event "ICC tourney 1923 (15 5)"]
[Site "Internet Chess Club"]
[Date "2020.07.17"]
[Round "7"]
[White "Phineashrad"]
[Black "savagefire"]
[Result "0-1"]
[ICCResult "White checkmated"]
[WhiteElo "1112"]
[BlackElo "1140"]
[Opening "Giuoco Pianissimo: Italian four knights variation"]
[ECO "C50"]
[NIC "IG.02"]
[Time "18:07:49"]
[TimeControl "900+5"]

1. e4 e5 2. Nf3 Nc6 3. Bc4 Bc5 4. d3 Nf6 5. Nc3 O-O 6. O-O Qe7 7. Be3 Bb6 8.
Nd5 Nxd5 9. exd5 Na5 10. Bg5 Qd6 11. Bb3 Nxb3 12. axb3 Qxd5 13. Qe1 Re8 14.
c4 Qe6 15. Qe4 d6 16. d4 exd4 17. Qxe6 Rxe6 18. Bd2 Bd7 19. Ng5 Rg6 20. Nf3
Bh3 21. Nh4 Rg4 22. Nf5 Rxg2+ 23. Kh1 d3 24. Ng3 Bxf2 25. Ne4 Bd4 26. Ng5
Rxd2 27. Nxh3 Rxb2 28. Rab1 Rc2 29. Rfd1 d2 30. Kg2 Re8 31. Kf3 Bc3 32. Nf2
Re1 33. Ne4 Bb4 34. Kf2 Rxd1 35. Rxd1 Rc1 36. Ke2 Rc2 37. Kd3 Rb2 38. Nc3
Rxb3 39. Kxd2 Bxc3+ 40. Kc2 Ra3 41. Re1 Bxe1 42. Kb2 Rh3 43. Kc2 Rxh2+ 44.
Kd3 a5 45. Ke4 Rd2 46. Ke3 Rc2 47. Kd3 Rc1 48. Kd4 a4 49. Kd3 Rb1 50. Kc2
Rb6 51. c5 dxc5 52. Kd3 Bd2 53. Kxd2 a3 54. Ke3 a2 55. Ke4 a1=Q 56. Kd5 Rd6+
57. Ke4 Qe1+ 58. Kf5 Rf6+ 59. Kg4 Qg1+ 60. Kh5 Rh6# {White checkmated} 0-1